 Dungeon Crawl Stone Soup version 0.29.1-1-gd02db6906a (webtiles) character file.

Game seed: 16922715870770028919

23251 smilodon the Grappler (level 12, -22/118 HPs)
             Began as a Troll Fighter on Sept 22, 2022.
             Annihilated by a large abomination (31 damage)
             ... on level 1 of the Abyss on Sept 23, 2022.
             The game lasted 00:35:53 (11055 turns).

smilodon the Grappler (Troll Fighter)              Turns: 11055, Time: 00:35:53

Health: -22/118    AC:  8    Str: 29    XL:     12   Next: 70%
Magic:  11/11      EV: 14    Int:  4    God:
Gold:   992        SH:  9    Dex:  9    Spells: 11/11 levels left

rFire   . . .      SeeInvis +     - Unarmed
rCold   . . .      Faith    .   b - +0 kite shield
rNeg    . . .      Spirit   .   c - +0 troll leather armour
rPois   +          Reflect  .   r - +2 hat {Stlth+}
rElec   .          Harm     .   g - scarf {repulsion}
rCorr   .          Rampage  .   (gloves unavailable)
Will    .....                   (boots unavailable)
Stlth   ++........              (no amulet)
HPRegen 1.89/turn               d - +4 ring of evasion
MPRegen 0.12/turn               O - ring "Jekoenn" {*Slow +Blink rPois SInv}

@: repel missiles
A: large, unfitting armour, claws 3, regeneration 1, shaggy fur 1, tough skin 1,
beak, weak 1
a: Evoke Blink


You were on level 1 of the Abyss.
You visited 3 branches of the dungeon, and saw 15 of its levels.
You visited the Abyss 1 time.
You also visited: Sewer and Ossuary.

You collected 992 gold pieces.

Inventory:

Hand Weapons
 i - a +3 dagger of venom
 D - a +0 dagger of draining
 E - the +3 flail of Youthful Indiscretion {elec, *Rage Fly Int+4 Dex+5}
   (You took it off an orc on level 6 of the Dungeon)

   It occasionally discharges a powerful burst of electricity upon striking a
   foe.
   Int:       It affects your intelligence (+4).
   Dex:       It affects your dexterity (+5).
   Fly:       It grants you flight.
   *Rage:     It berserks you when you make melee attacks (+20% chance).
Missiles
 j - 18 poisoned darts (quivered)
 v - 4 throwing nets
 J - 2 atropa-tipped darts
 M - a curare-tipped dart
Armour
 a - a +1 robe
 b - a +0 kite shield (worn)
 c - a +0 troll leather armour (worn)
 f - an orb of light
 g - a scarf of repulsion (worn)
 r - a +2 hat of stealth (worn)
 H - a +0 robe of the Archmagi
Jewellery
 d - a +4 ring of evasion (left claw)
 k - a +6 ring of strength
 l - a ring of magical power
 p - a ring of magical power
 s - a +4 ring of protection
 u - a ring of willpower
 G - a ring of wizardry
 O - the ring "Jekoenn" (right claw) {*Slow +Blink rPois SInv}
   (You found it on level 10 of the Dungeon)

   [ring of poison resistance]

   rPois:     It protects you from poison.
   SInv:      It lets you see invisible.
   +Blink:    It lets you blink.
   *Slow:     It may slow you when you take damage.
Wands
 n - a wand of flame (3)
 w - a wand of polymorph (10)
 y - a wand of paralysis (15)
Scrolls
 e - a scroll of magic mapping
 m - 2 scrolls of enchant weapon
 o - 8 scrolls of teleportation
 q - a scroll of fog
 t - 2 scrolls of amnesia
 x - a scroll of vulnerability
 A - a scroll of fear
 F - 3 scrolls of brand weapon
 K - a scroll of enchant armour
 N - a scroll of summoning
Potions
 h - 3 potions of flight
 z - 7 potions of cancellation
 B - a potion of brilliance
 C - 4 potions of curing
 I - a potion of attraction


   Skills:
 + Level 7.2 Fighting
 - Level 9.0 Throwing
 + Level 5.2 Armour
 + Level 7.3 Dodging
 + Level 7.9 Shields
 + Level 12.0 Unarmed Combat


You had 11 spell levels left.
You didn't know any spells.
Your spell library contained the following spells:

 Spells                   Type           Power      Damage    Failure   Level
 Apportation              Tloc           0%         N/A       77%         1
 Foxfire                  Conj/Fire      0%         2x1d4     77%         1
 Magic Dart               Conj           0%         1d3       77%         1
 Sandblast                Erth           0%         2d4       77%         1
 Slow                     Hex            0%         N/A       77%         1
 Sting                    Tmut/Pois      0%         1d3       77%         1
 Blink                    Tloc           0%         N/A       88%         2
 Call Imp                 Summ           0%         N/A       88%         2
 Ensorcelled Hibernation  Hex/Ice        0%         N/A       88%         2
 Poisonous Vapours        Pois/Air       0%         N/A       88%         2
 Confusing Touch          Hex            0%         N/A       98%         3
 Conjure Flame            Conj/Fire      0%         6-21      98%         3
 Inner Flame              Hex/Fire       0%         N/A       98%         3
 Lesser Beckoning         Tloc           0%         N/A       98%         3
 Mephitic Cloud           Conj/Pois/Air  0%         N/A       98%         3
 Vampiric Draining        Necr           0%         2d6       98%         3
 Flame Wave               Conj/Fire      0%         2d4       100%        4
 Olgreb's Toxic Radiance  Pois           0%         N/A       100%        4
 Summon Ice Beast         Ice/Summ       0%         N/A       100%        4
 Alistair's Intoxication  Tmut/Pois      0%         N/A       100%        5
 Manifold Assault         Tloc           0%         N/A       100%        5
 Shatter                  Erth           0%         3d5*      100%        9


Dungeon Overview and Level Annotations

Branches:
Dungeon (11/15)            Temple (1/1) D:6            Lair (3/5) D:9
  Snake (0/4) Lair:2        Sewer (visited)         Ossuary (visited)
  Swamp: Lair:2-3    Shoals: Lair:2-3       Orc: D:9-12

Altars:
Ashenzari
Cheibriados
Dithmenos
Elyvilon
Fedhas
Gozag
Hepliaklqana
Kikubaaqudgha
Makhleb
Nemelex Xobeh
Qazlal
Ru
Sif Muna
Trog
Uskayaw
Vehumet
Wu Jian
Xom
Yredelemnul
The Shining One

Shops:
D:1 :   D:5 (   D:7 *

Annotations:
D:10 2 transporters, Sonja


Innate Abilities, Weirdness & Mutations

You are too large for most types of armour.
You have claws for hands.
Your natural rate of healing is unusually fast.
You are covered in fur. (AC +1)
You have tough skin. (AC +1)
You have a beak for a mouth.
You are weak. (Str -2)


Message History

The raiju bursts into living lightning!
The living lightning hits you!!
The raiju blinks!
You block the large abomination's attack.
You scratch the large abomination but do no damage.
You peck the large abomination, but do no damage.
The large abomination is severely damaged.
The raiju bursts into living lightning!
The living lightning is repelled.
The raiju blinks!
You barely miss the large abomination.
The large abomination is severely damaged.
The large abomination hits you!!
* * * LOW HITPOINT WARNING * * *
The raiju bursts into living lightning!
The living lightning hits you!
* * * LOW HITPOINT WARNING * * *
The raiju blinks!
The raiju bursts into living lightning!
The living lightning hits you!
* * * LOW HITPOINT WARNING * * *
The raiju blinks!
Press: ? - help, v - describe, . - travel, g - get item Item here: 8 gold pieces.
The floor.
Press: ? - help, v - describe, . - travel, g - get item Item here: 8 gold pieces.
The floor.
Unknown command.
You completely miss the large abomination.
The large abomination is severely damaged.
The large abomination barely misses you.
The raiju bursts into living lightning!
The living lightning misses you.
The raiju blinks!
You scratch the large abomination. You peck the large abomination.
The large abomination is severely damaged.
The large abomination hits you but does no damage.
You block the raiju's attack.
You mangle the raiju!! You peck the raiju, but do no damage.
The raiju is severely wounded.
The large abomination hits you!!
You die...

#. #......°○..○☼..
..... ..
#.☼...°.........
...... .☼....°........
.......
#....................
. ..........h.☼... ..
. . .............☼..
.....#
#$$$...h.............8
. .$$$...@.h..........
. #$$$...X..........
..8.
°°..§........°..°....#
. ....§.........°...
○.#..
#.....☼...........°.○
# #....°☼......☼.. ...
##.
#........°....☼......#
#☼☼.....°......°.....#
.


You could see a large abomination and 3 raiju.

Vanquished Creatures
  Gastronok (D:10)
  A hydra (Lair:2)
  2 boulder beetles
  2 two-headed ogres
  A manticore (D:10)
  2 black mambas
  3 cane toads
  2 torpor snails (Lair:3)
  4 rime drakes
  5 trolls
  3 komodo dragons
  2 polar bears
  A hornet (D:10)
  12 blink frogs
  2 dream sheep (Lair:3)
  A shadow (D:10)
  28 yaks
  4 wyverns
  2 basilisks
  2 steam dragons
  A naga (Lair:2)
  An acid dragon (D:9)
  15 water moccasins
  An ice beast (D:6)
  A black bear (D:5)
  3 orc warriors
  3 ogres
  3 centaurs
  A phantom (D:4)
  10 bullfrogs
  A necrophage (D:5)
  2 gnoll sergeants
  A scorpion (D:5)
  8 killer bees (D:10)
  A howler monkey (D:7)
  5 jellies
  2 orc priests
  2 centaur zombies (Ossuary)
  5 hounds
  3 iguanas
  Natasha (thrice) (D:2)
  5 orc wizards
  A hell rat (Sewer)
  2 mummies (Ossuary)
  16 gnolls
  2 river rats (Sewer)
  6 adders
  3 white imps
  An ufetubus (D:5)
  2 worms
  3 dart slugs
  22 orcs
  8 ball pythons
  A bat (D:1)
  6 endoplasms
  4 giant cockroaches
  7 gnoll zombies (Ossuary)
  6 goblins
  3 hobgoblins
  12 jackals
  2 quokkas
  2 frilled lizards (D:1)
  4 goblin zombies
  A hobgoblin zombie (Ossuary)
  4 kobolds
  An orc zombie (Ossuary)
  5 rats
  A rat zombie (D:8)
282 creatures vanquished.

Vanquished Creatures (others)
  Psyche (D:8)
  2 orc wizards
  12 fungi
  22 plants
37 creatures vanquished.

Grand Total: 319 creatures vanquished

Notes
Turn   | Place    | Note
-------+----------+-------------------------------------------
     0 | D:1      | smilodon the Troll Fighter began the quest for the Orb.
     0 | D:1      | Reached XP level 1. HP: 22/22 MP: 0/0
    83 | D:1      | Found Aklyi's Book Boutique.
   135 | D:1      | Reached XP level 2. HP: 29/29 MP: 1/1
   183 | D:1      | Found a faded altar of an unknown god.
   235 | D:1      | Reached XP level 3. HP: 36/36 MP: 2/2
   968 | D:2      | Noticed Natasha
   973 | D:2      | Killed Natasha
   974 | D:2      | Reached XP level 4. HP: 27/44 MP: 3/3
  1184 | D:2      | Noticed Natasha
  1190 | D:2      | Killed Natasha
  1191 | D:2      | Reached skill level 1 in Throwing
  1253 | D:2      | Noticed Natasha
  1260 | D:2      | Killed Natasha
  1261 | D:2      | Reached skill level 3 in Unarmed Combat
  1327 | D:2      | Reached XP level 5. HP: 53/53 MP: 4/4
  2031 | D:3      | Identified the +3 flail "Gohoiram" {flame, rC++ Str+2
                  | Dex+3}
  2384 | D:4      | Noticed an ogre
  2397 | D:4      | Killed an ogre
  2398 | D:4      | Reached XP level 6. HP: 50/61 MP: 5/5
  2701 | D:4      | HP: 3/61 [ogre/+0 giant spiked club (23)]
  2707 | D:4      | Reached XP level 7. HP: 7/68 MP: 6/6
  2832 | D:4      | Found a glowing drain.
  2836 | Sewer    | Entered a sewer
  2980 | D:4      | Gained mutation: You are weak. (Str -2) [potion of
                  | mutation]
  2980 | D:4      | Gained mutation: You have a beak for a mouth. [potion of
                  | mutation]
  2995 | D:5      | Entered Level 5 of the Dungeon
  3030 | D:5      | Found Polay's Antique Weapon Emporium.
  3047 | D:5      | Reached skill level 4 in Unarmed Combat
  3419 | D:5      | Reached XP level 8. HP: 78/78 MP: 7/7
  3943 | D:6      | Identified the +3 flail of Youthful Indiscretion {elec,
                  | *Rage Fly Int+4 Dex+5}
  3949 | D:6      | Found a staircase to the Ecumenical Temple.
  3958 | Temple   | Entered the Ecumenical Temple
  4251 | D:6      | Noticed a troll
  4264 | D:6      | Killed a troll
  4265 | D:6      | Reached skill level 5 in Shields
  4265 | D:6      | Reached skill level 5 in Unarmed Combat
  4768 | D:7      | Found Ucam's General Store.
  4852 | D:7      | Found an ancient bone altar of Kikubaaqudgha.
  5469 | D:8      | Reached skill level 6 in Unarmed Combat
  5469 | D:8      | Reached XP level 9. HP: 87/87 MP: 8/8
  5526 | D:8      | Noticed Psyche
  5532 | D:8      | Killed Psyche
  5533 | D:8      | Reached skill level 5 in Throwing
  5539 | D:8      | Found a shimmering altar of Xom.
  5596 | D:8      | Found a sand-covered staircase.
  5609 | Ossuary  | Entered an ossuary
  5753 | D:8      | Reached skill level 7 in Unarmed Combat
  5936 | D:8      | Reached skill level 8 in Unarmed Combat
  6062 | D:8      | Found a sacrificial altar of Ru.
  6403 | D:9      | Reached XP level 10. HP: 77/94 MP: 9/9
  6451 | D:9      | Reached skill level 9 in Unarmed Combat
  6483 | D:9      | Found a staircase to the Lair.
  6544 | D:9      | Found a glowing golden altar of the Shining One.
  6545 | D:9      | Found a basalt altar of Yredelemnul.
  6546 | D:9      | Found a blossoming altar of Fedhas.
  6546 | D:9      | You fall into a shaft and drop 2 floors!
  6550 | D:10     | Entered Level 10 of the Dungeon
  6553 | D:10     | Found a transporter.
  6559 | D:10     | Found a transporter.
  6633 | D:9      | Found an ornate altar of the Wu Jian Council.
  6816 | D:9      | Noticed a two-headed ogre
  6822 | D:9      | Killed a two-headed ogre
  6823 | D:9      | Reached skill level 10 in Unarmed Combat
  6970 | D:9      | Found an opulent altar of Gozag.
  7197 | D:9      | Got the Meditations on Grounded Cold
  7434 | D:10     | Noticed a two-headed ogre
  7451 | D:10     | Killed a two-headed ogre
  7452 | D:10     | Reached skill level 5 in Fighting
  7452 | D:10     | Reached skill level 1 in Armour
  7452 | D:10     | Reached skill level 5 in Dodging
  7648 | D:10     | Noticed Gastronok
  7699 | D:10     | Killed Gastronok
  7700 | D:10     | Reached XP level 11. HP: 104/104 MP: 10/10
  7891 | D:10     | Identified the ring "Jekoenn" {*Slow +Blink rPois SInv}
  8011 | D:10     | Paralysed by a hornet for 1 turns
  8161 | D:10     | Noticed a seven-headed hydra
  8174 | D:10     | Noticed a wizard
  8174 | D:10     | Noticed a red ugly thing
  8174 | D:10     | Noticed an orc knight
  8174 | D:10     | Noticed an orc knight
  8350 | Lair:1   | Entered Level 1 of the Lair of Beasts
  8350 | Lair:1   | Found a bloodstained altar of Trog.
  8423 | Lair:1   | Noticed a boulder beetle
  8470 | Lair:1   | Killed a boulder beetle
  8607 | Lair:1   | Reached skill level 11 in Unarmed Combat
  9310 | Lair:2   | Reached XP level 12. HP: 102/115 MP: 11/11
  9331 | Lair:2   | Identified the +2 quarterstaff of Infinity {speed, Str+3
                  | Stlth+}
  9360 | Lair:2   | Found a staircase to the Snake Pit.
  9756 | Lair:2   | Noticed a four-headed hydra
  9764 | Lair:2   | Killed a four-headed hydra
 10238 | Lair:3   | Noticed a boulder beetle
 10429 | Lair:3   | Killed a boulder beetle
 10430 | Lair:3   | Reached skill level 5 in Armour
 10795 | Lair:3   | Reached skill level 12 in Unarmed Combat
 10972 | D:10     | Noticed Sonja
 10974 | D:10     | Identified the +2 short sword of Melee {venom, rPois MP+9
                  | Str+4 Int+3}
 10989 | Abyss:1  | Cast into level 1 of the Abyss (Sonja)
 11052 | Abyss:1  | HP: 4/118 [raiju/living lightning (15)]
 11055 | Abyss:1  | Annihilated by a large abomination

Illustrated notes

Levels and vault maps discovered:
D:1:      dpeg_arrival_solitude, layout_loops_ring,
          ebering_ecumenical_altar_rust, serial_shops, nicolae_shop_stone
D:2:      layout_basic, chequers_serial_rivers_micro_d, st_stairs_8,
          uniq_natasha
D:3:      layout_basic, hex_large, chequers_serial_rivers_micro_d
D:4:      layout_rooms, gup_sewer_entry_bowl, kennysheep_donut
D:5:      layout_cave_pools, serial_glass, glass_columns_b, glass_columns_b,
          glass_columns_c, glass_columns_a, glass_columns_a, glass_columns_b,
          item_on_display_a, minmay_strange_pillars, minmay_strange_pillars,
          feat_on_display, serial_shops, kennysheep_little_box, st_stairs_5,
          minmay_misc_feat_tower, hangedman_abyss_or_decor_stabs
D:6:      layout_cave_pods, minmay_temple_entry_hall, kennysheep_generic_room_10
D:7:      layout_loops_corners, nicolae_overflow_hidden_temple, serial_shops,
          nicolae_shop_behind_doors
D:8:      layout_rooms, mainiacjoe_overflow_surrounded_room,
          lemuel_crystal_altar, enter_ossuary_4, uniq_psyche
D:9:      layout_loops_cross, mainiacjoe_overflow_alcove_3,
          kennysheep_mini_moat, minmay_lair_entry_grove
D:10:     minmay_the_grid_triangle_9x9_rhombus_thin_mashed
          [minmay_the_grid_triangle_9x9_corruption,
          minmay_the_grid_triangle_9x9_prize_insulated,
          minmay_the_grid_triangle_9x9_shrine,
          minmay_the_grid_triangle_9x9_pentomino_pain], layout_irregular_city,
          nicolae_diode_stairs, uniq_gastronok, uniq_sonja
D:11:     layout_cave_pools, mrwooster_statue_mirror, chei_slow_surprise
Temple:   hc_temple_tempest_star
Lair:1:   layout_gridlike, basic_altar
Lair:2:   layout_chaotic_city, guppyfry_snake_entry_island, grunt_megastairs_5
Lair:3:   layout_layer_cave, minmay_swamp_entry_worms
Abyss:1:  base: D:13, lemuel_firewalk_3

Skill      XL: |  1  2  3  4  5  6  7  8  9 10 11 12 |
---------------+-------------------------------------+-----
Shields        | 3 4 5 6 7 |  7.9
Fighting       | 3 4 5 6 7 |  7.2
Throwing       | 1 2 3 4 7 9 |  9.0
Dodging        | 3 4 5 6 7 |  7.3
Unarmed Combat | 3 4 6 8 10 11 12 | 12.0
Armour         | 1 3 5 |  5.2

Action                   |  1- 3 |  4- 6 |  7- 9 | 10-12 || total
-------------------------+-------+-------+-------+-------++-------
Melee: Unarmed           |    97 |   108 |   304 |   487 ||   996
       Peck              |       |       |    48 |    86 ||   134
       Flail             |       |       |       |     5 ||     5
Throw: Dart              |       |       |       |    28 ||    28
Evoke: Wand              |       |       |       |    18 ||    18
  Use: Scroll            |     3 |     7 |     5 |     9 ||    24
       Potion            |     2 |     6 |     6 |     5 ||    19
 Stab: Sleeping          |       |       |       |     1 ||     1
       Distracted        |       |       |       |     1 ||     1
Armor: Robe              |    31 |    17 |    27 |       ||    75
       Troll leather arm |       |       |    27 |   108 ||   135
Dodge: Dodged            |    57 |    52 |   150 |   305 ||   564
       Repelled          |       |       |     4 |     6 ||    10
Block: Kite shield       |    32 |    50 |    96 |   228 ||   406
